NYP
EUGENE EMERALDS @ BATAVIA MUCKDOGS
06/06/2044
 
TOP OF THE 1ST
Eugene Emeralds batting - Pitching for Batavia Muckdogs : RHP James Bitner
Pitching: RHP James Bitner
Batting: RHB Garrett Granata 0-0: Ball
1-0: Ball
2-0: Foul Ball, location: 2F
2-1: Foul Ball, location: 2F
2-2: Ball
3-2: Base on Balls
Batting: RHB Chris Slama 0-0: Ball
1-0: Ball
Garrett Granata steals 2nd base
2-0: Foul Ball, location: 2F
2-1: Called Strike
2-2: Ball
3-2: Strikes out swinging
Batting: RHB Francisco Ramirez 0-0: Ball
1-0: Called Strike
1-1: Swinging Strike
1-2: SINGLE (Groundball, 56, EV 104.4 MPH) (infield hit)
Garrett Granata to third
Batting: LHB Trevor Spaulding 0-0: Foul Ball, location: 2F
0-1: Fly out, F8 (Flyball, 8LS, EV 86.9 MPH)
Batting: RHB Jonathan Sotelo 0-0: Ball
1-0: Called Strike
1-1: SINGLE (Groundball, 6D, EV 108.1 MPH)
Garrett Granata scores
Francisco Ramirez to second
Batting: LHB Mark Huey 0-0: Swinging Strike
0-1: Ball
1-1: Ball
2-1: Fielders Choice at 2nd, 5-4 (Groundball, 5, EV 106.3 MPH)
Top of the 1st over - 1 run, 2 hits, 0 errors, 2 left on base; Eugene 1 - Batavia 0
BOTTOM OF THE 1ST
Batavia Muckdogs batting - Pitching for Eugene Emeralds : LHP Matthew Spurrell
Pitching: LHP Matthew Spurrell
Batting: RHB Calvin Morin 0-0: Ball
1-0: Fly out, F8 (Flyball, 78D, EV 100.6 MPH)
Batting: LHB David Doge 0-0: Fly out, F9 (Flyball, 9D, EV 95.0 MPH)
Batting: RHB Jim Fisher 0-0: Called Strike
0-1: Ball
1-1: DOUBLE (Line Drive, 8RD, EV 93.8 MPH)
Batting: RHB Len Graham 0-0: Called Strike
0-1: TRIPLE (Flyball, 78XD, EV 98.8 MPH)
Jim Fisher scores
Batting: LHB Ryan Thompson 0-0: Called Strike
0-1: SINGLE (Groundball, 6MD, EV 103.1 MPH)
Len Graham scores
Batting: RHB Nate Crofts 0-0: Ball
1-0: Called Strike
1-1: Foul Ball, location: 2F
1-2: Foul Ball, location: 2F
1-2: Strikes out swinging
Bottom of the 1st over - 2 runs, 3 hits, 0 errors, 1 left on base; Eugene 1 - Batavia 2
TOP OF THE 2ND
Eugene Emeralds batting - Pitching for Batavia Muckdogs : RHP James Bitner
Pitching: RHP Ryan Babbitt
Batting: RHB Brian Gargis 0-0: Swinging Strike
0-1: Foul Ball, location: 2F
0-2: Strikes out swinging
Batting: RHB Adam Kelliher 0-0: Ball
1-0: Ball
2-0: Foul Ball, location: 2F
2-1: Ball
3-1: Base on Balls
Batting: RHB Jonathan Ridgely 0-0: Called Strike
Adam Kelliher steals 2nd base
0-1: SINGLE (Line Drive, 6D, EV 102.5 MPH)
Adam Kelliher to third
Runner from 3rd tries for Home, SAFE, throw by CF to home
Batting: RHB Garrett Granata 0-0: Ball
1-0: Called Strike
1-1: DOUBLE (Groundball, 5L, EV 108.1 MPH)
Jonathan Ridgely to third
Batting: RHB Chris Slama 0-0: Called Strike
0-1: Called Strike
0-2: DOUBLE (Line Drive, 9LM, EV 95.6 MPH)
Jonathan Ridgely scores
Garrett Granata scores
Batting: RHB Francisco Ramirez 0-0: Ball
1-0: Foul Ball, location: 2F
1-1: Ball
2-1: Ball
3-1: Foul Ball, location: 2F
3-2: Fly out, F8 (Flyball, 8RS, EV 70.6 MPH)
Pitching: RHP Giampaolo Nobile
Batting: LHB Trevor Spaulding 0-0: Called Strike
0-1: Swinging Strike
0-2: Ball
1-2: Ball
2-2: Strikes out looking
Top of the 2nd over - 3 runs, 3 hits, 0 errors, 1 left on base; Eugene 4 - Batavia 2
BOTTOM OF THE 2ND
Batavia Muckdogs batting - Pitching for Eugene Emeralds : LHP Matthew Spurrell
Batting: RHB Hiromitsu Yamada 0-0: Ball
1-0: Ball
2-0: Foul Ball, location: 2F
2-1: Ball
3-1: Foul Ball, location: 2F
3-2: Base on Balls
Batting: RHB Jeremy Dennis 0-0: Ball
1-0: Ball
2-0: Swinging Strike
2-1: Foul Ball, location: 2F
2-2: Ball
3-2: Strikes out swinging
Batting: RHB Jose Trevino 0-0: Called Strike
Hiromitsu Yamada is caught stealing 2nd base 2-4
0-1: Ball
1-1: Ball
2-1: Swinging Strike
2-2: SINGLE (Groundball, 56D, EV 108.1 MPH)
Batting: RHB Calvin Morin 0-0: Called Strike
0-1: Foul Ball, location: 2F
0-2: Strikes out looking
Bottom of the 2nd over - 0 runs, 1 hit, 0 errors, 1 left on base; Eugene 4 - Batavia 2
TOP OF THE 3RD
Eugene Emeralds batting - Pitching for Batavia Muckdogs : RHP Giampaolo Nobile
Batting: RHB Jonathan Sotelo 0-0: Ball
1-0: Called Strike
1-1: Called Strike
1-2: Strikes out looking
Batting: LHB Mark Huey 0-0: Ball
1-0: Swinging Strike
1-1: Swinging Strike
1-2: Ball
2-2: Ball
3-2: Base on Balls
Batting: RHB Brian Gargis 0-0: Ball
1-0: Ball
2-0: Ball
3-0: Base on Balls
Mark Huey to second
Pitching: RHP Scott Feltham
Batting: RHB Adam Kelliher 0-0: Ball
1-0: Ball
2-0: Called Strike
2-1: SINGLE (Groundball, 34D, EV 96.9 MPH)
Mark Huey to third
Brian Gargis to second
Runner from 3rd tries for Home, SAFE, throw by RF to home
Batting: RHB Jonathan Ridgely 0-0: Ball
1-0: Called Strike
1-1: Ball
2-1: Ball
3-1: Base on Balls
Brian Gargis to third
Adam Kelliher to second
Batting: RHB Garrett Granata 0-0: Ball
1-0: Foul Ball, location: 2F
1-1: Called Strike
1-2: Foul Ball, location: 2F
1-2: Foul Ball, location: 2F
1-2: Ball
2-2: Foul Ball, location: 2F
2-2: Strikes out looking
Batting: RHB Chris Slama 0-0: DOUBLE (Line Drive, 78XD, EV 111.3 MPH)
Brian Gargis scores
Adam Kelliher scores
Jonathan Ridgely to third
Runner from 3rd tries for Home, SAFE, no throw by LF
Pitching: RHP Alex Garza
Batting: RHB Francisco Ramirez 0-0: Called Strike
0-1: Foul Ball, location: 2F
0-2: Ball
1-2: Ball
2-2: SINGLE (Groundball, 6D, EV 98.8 MPH)
Chris Slama to third
Runner from 3rd tries for Home, SAFE, throw by CF to home
Francisco Ramirez to second
Batting: LHB Trevor Spaulding 0-0: Ball
1-0: Foul Ball, location: 2F
1-1: Swinging Strike
1-2: Hit by Pitch
Batting: RHB Jonathan Sotelo 0-0: Swinging Strike
0-1: Swinging Strike
0-2: Ball
1-2: Strikes out swinging
Top of the 3rd over - 5 runs, 3 hits, 0 errors, 2 left on base; Eugene 9 - Batavia 2
BOTTOM OF THE 3RD
Batavia Muckdogs batting - Pitching for Eugene Emeralds : LHP Matthew Spurrell
Batting: LHB David Doge 0-0: Called Strike
0-1: Ground out U3 (Groundball, 3, EV 90.0 MPH)
Batting: RHB Jim Fisher 0-0: SINGLE (Groundball, 4, EV 94.4 MPH)
Batting: RHB Len Graham 0-0: Foul Ball, location: 2F
0-1: Called Strike
0-2: Fielders Choice at 2nd, 5-4 (Groundball, 56, EV 89.4 MPH)
Batting: LHB Ryan Thompson 0-0: Ball
1-0: Ball
2-0: Ball
3-0: Base on Balls
Len Graham to second
Batting: RHB Nate Crofts 0-0: Called Strike
0-1: Called Strike
0-2: Ball
1-2: Ball
2-2: Strikes out looking
Bottom of the 3rd over - 0 runs, 1 hit, 0 errors, 2 left on base; Eugene 9 - Batavia 2
TOP OF THE 4TH
Eugene Emeralds batting - Pitching for Batavia Muckdogs : RHP Alex Garza
Batting: LHB Mark Huey 0-0: Foul Ball, location: 2F
0-1: Ball
1-1: Ball
2-1: Swinging Strike
2-2: SINGLE (Groundball, 4M, EV 104.4 MPH) (infield hit)
Batting: RHB Brian Gargis 0-0: Foul Ball, location: 2F
0-1: Ball
1-1: Called Strike
1-2: Foul Ball, location: 2F
1-2: Ball
2-2: Foul Ball, location: 2F
2-2: Ball
3-2: SINGLE (Line Drive, 4MD, EV 105.6 MPH)
Mark Huey to second
Batting: RHB Adam Kelliher 0-0: Swinging Strike
0-1: Ball
1-1: Ball
2-1: Foul Ball, location: 2F
2-2: Foul Ball, location: 2F
2-2: Strikes out swinging
Batting: RHB Jonathan Ridgely 0-0: Ball
1-0: Foul Ball, location: 2F
1-1: Ball
2-1: Ball
3-1: Base on Balls
Mark Huey to third
Brian Gargis to second
Batting: RHB Garrett Granata 0-0: Ball
1-0: Ball
2-0: Called Strike
2-1: Ball
3-1: Swinging Strike
3-2: Foul Ball, location: 2F
3-2: Foul Ball, location: 2F
3-2: Foul Ball, location: 2F
3-2: Foul Ball, location: 2F
3-2: Base on Balls
Mark Huey scores
Brian Gargis to third
Jonathan Ridgely to second
Batting: RHB Chris Slama 0-0: Fielders Choice at 3rd, U5 (Groundball, 5L, EV 97.5 MPH)
Brian Gargis scores
Garrett Granata to second
Batting: RHB Francisco Ramirez 0-0: Ball
1-0: Ball
2-0: Fly out, F4 (Flyball, 34D, EV 92.5 MPH)
Top of the 4th over - 2 runs, 2 hits, 0 errors, 2 left on base; Eugene 11 - Batavia 2
BOTTOM OF THE 4TH
Batavia Muckdogs batting - Pitching for Eugene Emeralds : LHP Matthew Spurrell
Batting: RHB Hiromitsu Yamada 0-0: Swinging Strike
0-1: Swinging Strike
0-2: Foul Ball, location: 2F
0-2: Ball
1-2: Ball
2-2: Ball
3-2: Base on Balls
Batting: RHB Jeremy Dennis 0-0: Ball
1-0: Ball
2-0: Foul Ball, location: 2F
2-1: Swinging Strike
2-2: Foul Ball, location: 2F
2-2: Ball
3-2: Base on Balls
Hiromitsu Yamada to second
Batting: RHB Jose Trevino 0-0: Ball
1-0: Foul Ball, location: 2F
1-1: Ball
2-1: Foul Ball, location: 2F
2-2: DOUBLE (Line Drive, 5D, EV 98.1 MPH)
Hiromitsu Yamada scores
Jeremy Dennis to third
Batting: RHB Calvin Morin 0-0: Called Strike
0-1: Ball
1-1: Ball
2-1: Ball
3-1: Ground out U3 (Groundball, 34, EV 103.1 MPH)
Jeremy Dennis scores
Jose Trevino to third
Batting: LHB David Doge 0-0: Fly out, F9 (Line Drive, 9, EV 90.0 MPH)
Runner from 3rd tags up, OUT at HOME! 9-2
Bottom of the 4th over - 2 runs, 1 hit, 0 errors, 0 left on base; Eugene 11 - Batavia 4
TOP OF THE 5TH
Eugene Emeralds batting - Pitching for Batavia Muckdogs : RHP Alex Garza
Batting: LHB Trevor Spaulding 0-0: Ball
1-0: Ball
2-0: DOUBLE (Line Drive, 78D, EV 106.9 MPH)
Batting: RHB Jonathan Sotelo 0-0: Foul Ball, location: 2F
0-1: Foul Ball, location: 2F
0-2: Fly out, F9 (Flyball, 9S, EV 86.9 MPH)
Batting: LHB Mark Huey 0-0: Ball
1-0: SINGLE (Flyball, 34D, EV 87.5 MPH)
Trevor Spaulding to third
Batting: RHB Brian Gargis 0-0: Ball
1-0: Called Strike
1-1: Ball
2-1: SINGLE (Groundball, 6MD, EV 97.5 MPH)
Trevor Spaulding scores
Mark Huey to second
Pitching: RHP Jayson Johnson
Batting: RHB Adam Kelliher 0-0: Foul Ball, location: 2F
0-1: Ball
1-1: DOUBLE (Line Drive, 89D, EV 110.6 MPH)
Mark Huey scores
Brian Gargis to third
Batting: RHB Jonathan Ridgely 0-0: Ball
1-0: Fly out, F7 (Flyball, 78S, EV 80.0 MPH)
Batting: RHB Garrett Granata Balk!
Brian Gargis scores
Adam Kelliher to third
0-0: Swinging Strike
0-1: Swinging Strike
0-2: Ball
1-2: Ball
2-2: Strikes out looking
Top of the 5th over - 3 runs, 4 hits, 0 errors, 1 left on base; Eugene 14 - Batavia 4
BOTTOM OF THE 5TH
Batavia Muckdogs batting - Pitching for Eugene Emeralds : LHP Matthew Spurrell
Batting: RHB Jim Fisher 0-0: Ball
1-0: Ball
2-0: DOUBLE (Line Drive, 8LXD, EV 104.4 MPH)
Batting: RHB Len Graham 0-0: Ball
1-0: Foul Ball, location: 2F
1-1: SINGLE (Groundball, 56D, EV 98.1 MPH)
Jim Fisher to third
Batting: LHB Ryan Thompson 0-0: Ball
1-0: Fly out, F5 (Popup, 56, EV 75.0 MPH)
Batting: RHB Nate Crofts 0-0: Ball
1-0: Foul Ball, location: 2F
1-1: Called Strike
1-2: 3-RUN HOME RUN (Line Drive, 7D, EV 107.5 MPH) (Inside the Park)
Pitching: LHP Jesse Fields
Batting: RHB Hiromitsu Yamada 0-0: Called Strike
0-1: Foul Ball, location: 2F
0-2: Ball
1-2: Ball
2-2: Strikes out looking
Batting: RHB Jeremy Dennis 0-0: Ball
1-0: Ball
2-0: Called Strike
2-1: Ball
3-1: Foul Ball, location: 2F
3-2: Ground out 6-3 (Groundball, 6, EV 99.4 MPH)
Bottom of the 5th over - 3 runs, 3 hits, 0 errors, 0 left on base; Eugene 14 - Batavia 7
TOP OF THE 6TH
Eugene Emeralds batting - Pitching for Batavia Muckdogs : RHP Jayson Johnson
Batting: RHB Chris Slama 0-0: Ball
1-0: Called Strike
1-1: Foul Ball, location: 2F
1-2: Foul Ball, location: 2F
1-2: Ground out 3-1 (Groundball, 34, EV 90.6 MPH)
Batting: RHB Francisco Ramirez 0-0: Ball
1-0: Ball
2-0: Called Strike
2-1: Foul Ball, location: 2F
2-2: Ground out 4-3 (Groundball, 4, EV 105.6 MPH)
Batting: LHB Trevor Spaulding 0-0: Ball
1-0: Called Strike
1-1: Ball
2-1: Hit by Pitch
Batting: RHB Jonathan Sotelo 0-0: Called Strike
0-1: Ground out 6-3 (Groundball, 6M, EV 104.4 MPH)
Top of the 6th over - 0 runs, 0 hits, 0 errors, 1 left on base; Eugene 14 - Batavia 7
BOTTOM OF THE 6TH
Batavia Muckdogs batting - Pitching for Eugene Emeralds : LHP Jesse Fields
Batting: RHB Jose Trevino 0-0: Fly out, F9 (Flyball, 89D, EV 96.9 MPH)
Batting: RHB Calvin Morin 0-0: Called Strike
0-1: Foul Ball, location: 2F
0-2: Ground out 6-3 (Groundball, 6, EV 83.1 MPH)
Batting: LHB David Doge 0-0: Swinging Strike
0-1: Ball
1-1: Called Strike
1-2: Foul Ball, location: 2F
1-2: Fly out, F9 (Flyball, 9, EV 88.8 MPH)
Bottom of the 6th over - 0 runs, 0 hits, 0 errors, 0 left on base; Eugene 14 - Batavia 7
TOP OF THE 7TH
Eugene Emeralds batting - Pitching for Batavia Muckdogs : RHP Jayson Johnson
Batting: LHB Mark Huey 0-0: Foul Ball, location: 2F
0-1: Foul Ball, location: 2F
0-2: Ball
1-2: Ball
2-2: Ground out 6-3 (Groundball, 6, EV 102.5 MPH)
Pinch Hitting: RHB Ryan Walker 0-0: Foul Ball, location: 2F
0-1: Swinging Strike
0-2: Strikes out looking
Batting: RHB Adam Kelliher 0-0: Called Strike
0-1: Ball
1-1: SINGLE (Flyball, 8RS, EV 91.9 MPH)
Batting: RHB Jonathan Ridgely 0-0: Foul Ball, location: 2F
0-1: Ball
Adam Kelliher steals 2nd base
1-1: Ball
Wild Pitch!
Adam Kelliher to third
2-1: Called Strike
2-2: Ball
3-2: Fly out, F3 (Line Drive, 3, EV 71.9 MPH)
Top of the 7th over - 0 runs, 1 hit, 0 errors, 1 left on base; Eugene 14 - Batavia 7
BOTTOM OF THE 7TH
Batavia Muckdogs batting - Pitching for Eugene Emeralds : LHP Jesse Fields
Now in LF: Frank McArdle
Batting: RHB Jim Fisher 0-0: Ball
1-0: DOUBLE (Flyball, 89D, EV 110.0 MPH)
Batting: RHB Len Graham 0-0: DOUBLE (Line Drive, 78D, EV 103.8 MPH)
Jim Fisher scores
Batting: LHB Ryan Thompson 0-0: Called Strike
0-1: Ball
1-1: Ball
Len Graham steals 3rd base (no throw)
2-1: Called Strike
2-2: Strikes out swinging
Batting: RHB Nate Crofts 0-0: Called Strike
0-1: SINGLE (Groundball, 4D, EV 101.3 MPH)
Len Graham scores
Batting: RHB Hiromitsu Yamada 0-0: Ball
1-0: Ball
2-0: Reached on error, E3 (Groundball, 13, EV 91.3 MPH)
Nate Crofts to second
Batting: RHB Jeremy Dennis 0-0: Ball
1-0: Fielders Choice at 2nd, 4-6 (Groundball, 4, EV 81.9 MPH)
Nate Crofts to third
Batting: RHB Jose Trevino 0-0: Swinging Strike
0-1: Called Strike
0-2: Ball
1-2: Strikes out looking
Bottom of the 7th over - 2 runs, 3 hits, 1 error, 2 left on base; Eugene 14 - Batavia 9
TOP OF THE 8TH
Eugene Emeralds batting - Pitching for Batavia Muckdogs : RHP Jayson Johnson
Batting: RHB Garrett Granata 0-0: Ball
1-0: Ball
2-0: Ball
3-0: Base on Balls
Batting: RHB Chris Slama 0-0: Called Strike
0-1: Grounds into double play, 5-4-3 (Groundball, 56, EV 86.9 MPH)
Batting: RHB Francisco Ramirez 0-0: Called Strike
0-1: Foul Ball, location: 2F
0-2: Foul Ball, location: 2F
0-2: Ball
1-2: Strikes out swinging
Top of the 8th over - 0 runs, 0 hits, 0 errors, 0 left on base; Eugene 14 - Batavia 9
BOTTOM OF THE 8TH
Batavia Muckdogs batting - Pitching for Eugene Emeralds : LHP Jesse Fields
Batting: RHB Calvin Morin 0-0: Foul Ball, location: 2F
0-1: Foul Ball, location: 2F
0-2: Foul Ball, location: 2F
0-2: Foul Ball, location: 2F
0-2: Ball
1-2: Ball
2-2: Ground out 1-3 (Groundball, 13, EV 70.0 MPH)
Pinch Hitting: RHB J.J. Barajas 0-0: Ball
1-0: Called Strike
1-1: Ball
2-1: Ball
3-1: Foul Ball, location: 2F
3-2: Base on Balls
Pitching: RHP Jose Marrero
Batting: RHB Jim Fisher 0-0: Ball
1-0: Ball
2-0: Ball
3-0: Called Strike
3-1: Foul Ball, location: 2F
3-2: Foul Ball, location: 2F
3-2: Foul Ball, location: 2F
3-2: Base on Balls
J.J. Barajas to second
Batting: RHB Len Graham 0-0: Foul Ball, location: 2F
0-1: Called Strike
0-2: Ball
1-2: Ball
2-2: Foul Ball, location: 2F
2-2: Ball
3-2: Fielders Choice at 2nd, 4-6 (Groundball, 4, EV 83.1 MPH)
J.J. Barajas to third
Batting: LHB Ryan Thompson 0-0: Foul Ball, location: 2F
0-1: SINGLE (Groundball, 34D, EV 94.4 MPH)
J.J. Barajas scores
Len Graham to second
Runner from 2nd tries for 3rd, SAFE, throw by RF made to third
Pinch Hitting: LHB Andrew van Dongen 0-0: Foul Ball, location: 2F
0-1: Ball
1-1: Ball
2-1: Ball
3-1: Called Strike
3-2: Ground out 1-3 (Groundball, 15S, EV 70.6 MPH)
Bottom of the 8th over - 1 run, 1 hit, 0 errors, 2 left on base; Eugene 14 - Batavia 10
TOP OF THE 9TH
Eugene Emeralds batting - Pitching for Batavia Muckdogs : RHP Jayson Johnson
Now at 1B: Len Graham
Now at SS: J.J. Barajas
Now in RF: Andrew van Dongen
Batting: LHB Trevor Spaulding 0-0: Ball
1-0: Ball
2-0: Ball
3-0: Base on Balls
Batting: RHB Jonathan Sotelo 0-0: Called Strike
0-1: Ball
Wild Pitch!
Trevor Spaulding to second
1-1: Ball
2-1: Fly out, F4 (Flyball, 4D, EV 82.5 MPH)
Pitching: RHP Joe Lightell
Batting: LHB Mark Huey 0-0: Called Strike
0-1: Ball
1-1: Ground out 4-3 (Groundball, 4S, EV 66.9 MPH)
Trevor Spaulding to third
Batting: RHB Frank McArdle 0-0: Ball
1-0: Ball
2-0: Ball
3-0: Called Strike
3-1: Fly out, F9 (Flyball, 89D, EV 79.4 MPH)
Top of the 9th over - 0 runs, 0 hits, 0 errors, 1 left on base; Eugene 14 - Batavia 10
BOTTOM OF THE 9TH
Batavia Muckdogs batting - Pitching for Eugene Emeralds : RHP Jose Marrero
Batting: RHB Hiromitsu Yamada 0-0: Foul Ball, location: 2F
0-1: TRIPLE (Flyball, 89XD, EV 98.1 MPH)
Pinch Hitting: LHB Carlos Mosqueda 0-0: Foul Ball, location: 2F
0-1: Ball
1-1: Ball
2-1: Foul Ball, location: 2F
2-2: Foul Ball, location: 2F
2-2: Foul Ball, location: 2F
2-2: Ball
3-2: Strikes out swinging
Pinch Hitting: SHB Dan Zink 0-0: Called Strike
0-1: Swinging Strike
0-2: Strikes out swinging
Pinch Hitting: LHB Mario Tirado 0-0: SINGLE (Line Drive, 9S, EV 111.3 MPH)
Hiromitsu Yamada scores
Batting: RHB J.J. Barajas 0-0: Ball
Wild Pitch!
Mario Tirado to second
1-0: Foul Ball, location: 2F
1-1: Called Strike
1-2: Ball
2-2: Ball
3-2: Foul Ball, location: 2F
3-2: Base on Balls
Batting: RHB Jim Fisher 0-0: Swinging Strike
0-1: Foul Ball, location: 2F
0-2: Foul Ball, location: 2F
0-2: Fly out, F9 (Flyball, 89S, EV 90.0 MPH)
Bottom of the 9th over - 1 run, 2 hits, 0 errors, 2 left on base; Eugene 14 - Batavia 11
Thursday, March 31st , 2022 - OOTP Baseball 22.12 Build 89